[Event "*** Titled Tuesday Blitz"]
[Site "Chess.com"]
[Date "2018.05.01"]
[Round "2"]
[White "michaelq2d5"]
[Black "Supernotar"]
[Result "1-0"]
[WhiteElo "2691"]
[BlackElo "2490"]
[TimeControl "180+2"]
[EndTime "13:20:19 PDT"]
[Termination "michaelq2d5 won by checkmate"]

1. d4 d5 2. c4 dxc4 3. Nf3 Nf6 4. Qa4+ c6 5. Qxc4 b5 6. Qc2 Bb7 7. g3 e6 8. Bg2 Nbd7 9. O-O c5 10. a4 b4 11. Rd1 Rc8 12. Qd3 c4 13. Qd2 Be7 14. h3 c3 15. bxc3 bxc3 16. Nxc3 Bb4 17. Bb2 Ne4 18. Nxe4 Bxd2 19. Nd6+ Kf8 20. Ba3 Kg8 21. Nxb7 Qc7 22. Nd6 Ba5 23. Rac1 Qxc1 24. Rxc1 Rxc1+ 25. Bxc1 h6 26. Ne5 Nxe5 27. dxe5 g5 28. Be3 Bc3 29. f4 gxf4 30. gxf4 a5 31. Bf3 Kg7 32. Bh5 f6 33.
Ne4 Rc8 34. Nxc3 Rxc3 35. exf6+ Kg8 36. f7+ Kf8 37. Kf2 Rc4 38. Kf3 Ke7 39. Bb6 Kf8 40.
e3 Ke7 41. Ke2 Kf8 42. Kd3 Rc6 43. Bxa5 Rd6+ 44. Ke4 Rd5 45. Bb4+ Kg7 46. f8=Q+ Kh7 47. Bc3 Rd7 48. Qh8# 1-0

[Event "*** Titled Tuesday Blitz"]
[Site "Chess.com"]
[Date "2018.05.01"]
[Round "2"]
[White "LisikValera"]
[Black "lucasmito"]
[Result "1-0"]
[WhiteElo "2431"]
[BlackElo "2343"]
[TimeControl "180+2"]
[EndTime "13:20:19 PDT"]
[Termination "LisikValera won by resignation"]

1. d4 Nf6 2. Nf3 d5 3. Bf4 e6 4.
e3 Bd6 5. Bg3 O-O 6. Nbd2 c5 7.
c3 Nc6 8. Bd3 Re8 9. Ne5 Bxe5 10. dxe5 Nd7 11. f4 c4 12. Bc2 Qb6 13. Rb1 Qxe3+ 14.
Qe2 Qxe2+ 15. Kxe2 b5 16. Nf3 a5 17. Bf2 b4 18.
Ba4 Bb7 19. Nd4 Nxd4+ 20. Bxd4 Re7 21. Bxd7 Rxd7 22. a3 b3 23. g4 a4 24. Rhf1 Kf8 25. f5 Ke7 26. f6+ gxf6 27. Rxf6 Rg8 28. h3 h5 29. Kf3 hxg4+ 30. hxg4 Rg6 31. Rxg6 fxg6 32. Rh1 Kf8 33. Kf4 Rf7+ 34. Kg5 Bc6 35. Rh8+ Ke7 36. Kxg6 Be8 37. Rh7 Rxh7+ 38. Kxh7 Kf8 39. g5 Bf7 40. g6 Bg8+ 41. Kh8 1-0

[Event "*** Titled Tuesday Blitz"]
[Site "Chess.com"]
[Date "2018.05.01"]
[Round "2"]
[White "bilelou"]
[Black "Zenzo"]
[Result "0-1"]
[WhiteElo "2366"]
[BlackElo "2380"]
[TimeControl "180+2"]
[EndTime "13:20:19 PDT"]
[Termination "Zenzo won by resignation"]

1. e4 e5 2. Nf3 Nc6 3. c3 Nf6 4. d4 exd4 5. e5 Ne4 6. cxd4 d5 7.
Nc3 Bf5 8. Bd3 Nxc3 9. bxc3 Bxd3 10. Qxd3 Be7 11. Rb1 b6 12. h4 Qd7 13. h5 O-O-O 14. a4 Kb8 15. Qa6 f6 16. h6 fxe5 17. hxg7 Rhg8 18.
dxe5 Rxg7 19. a5 Bc5 20. axb6 cxb6 21. Bf4 Qf5 22. Rb5 Qxf4 23. Rxc5 bxc5 24. Qxc6 Qc1+ 25. Ke2 Qxh1 26. e6 Qh6 27. Ne5 Qh5+ 28. Nf3 Re7 29. Qb5+ Rb7 30. Qxc5 Rb2+ 31. Kd1 Qh1+ 32. Ne1 Rb1+ 33.
Ke2 Qxe1+ 34. Kf3 Qe4+ 0-1

[Event "*** Titled Tuesday Blitz"]
[Site "Chess.com"]
[Date "2018.05.01"]
[Round "2"]
[White "Zhani-Z"]
[Black "dolynachess"]
[Result "1-0"]
[WhiteElo "2395"]
[BlackElo "2362"]
[TimeControl "180+2"]
[EndTime "13:20:22 PDT"]
[Termination "Zhani-Z won by resignation"]

1. e4 d5 2. exd5 Qxd5 3. Nc3 Qd8 4. d4 Nf6 5. Nf3 Bg4 6. h3 Bxf3 7. Qxf3 c6 8. Be3 e6 9. O-O-O Nbd7 10. Kb1 Be7 11. Bd3 Qc7 12. Ne4 Nxe4 13. Bxe4 Nf6 14. Bd3 O-O-O 15. g4 h6 16. h4 Bd6 17. c4 c5 18. d5 exd5 19. cxd5 h5 20. g5 Ng4 21.
Bf5+ Kb8 22. Bxg4 hxg4 23. Qxg4 g6 24. h5 gxh5 25. Rxh5 Rxh5 26. Qxh5 Be5 27. Qe2 a6 28. Qc4 Bd6 29. Rc1 Rc8 30. Qe4 Ka8 31. Qf5 Re8 32. Qc2 Qd7 33. Qd3 Rc8 34. Qe4 Qb5 35. Qf5 Re8 36. Qc2 Rc8 37. Qc4 Qd7 38. a3 Qf5+ 39. Ka2 Kb8 40. Rd1 Qf3 41. Qd3 c4 42. Ba7+ Kxa7 43. Qxf3 1-0

[Event "*** Titled Tuesday Blitz"]
[Site "Chess.com"]
[Date "2018.05.01"]
[Round "2"]
[White "Mikhail_Golubev"]
[Black "Anar_Aliakbarov"]
[Result "1-0"]
[WhiteElo "2382"]
[BlackElo "2395"]
[TimeControl "180+2"]
[EndTime "13:20:26 PDT"]
[Termination "Mikhail_Golubev won on time"]

1. e4 c5 2. Nf3 e6 3. d4 cxd4 4. Nxd4 Nc6 5. Nc3 d6 6. Be3 Nf6 7. Bc4 Be7 8. Qe2 O-O 9. O-O-O a6 10. Bb3 Na5 11. e5 Nxb3+ 12. Nxb3 Ne8 13. Ne4 d5 14. Ned2 a5 15. Nd4 Bd7 16. h4 a4 17. h5 a3 18. b3 Qa5 19. Nb1 Rc8 20. h6 g6 21.
Qd2 Bb4 22. Qd3 Nc7 23. Bd2 Rfd8 24. Qf3 Ne8 25. Rh4 Bb5 26. Rf4 Rd7 27. Nxe6 Bxd2+ 28. Rxd2 Qb6 29. Ng5 Re7 30. Rxf7 1-0

[Event "*** Titled Tuesday Blitz"]
[Site "Chess.com"]
[Date "2018.05.01"]
[Round "2"]
[White "Gogolev_Artemy"]
[Black "Didici"]
[Result "1-0"]
[WhiteElo "2440"]
[BlackElo "2411"]
[TimeControl "180+2"]
[EndTime "13:20:27 PDT"]
[Termination "Gogolev_Artemy won by resignation"]

1. Nf3 d5 2. c4 d4 3. e3 Nc6 4. exd4 Nxd4 5. Nxd4 Qxd4 6. Nc3 c6 7. d3 g6 8. Be3 Qd8 9. d4 Nh6 10. Bd3 Bg7 11. O-O Nf5 12. Bxf5 Bxf5 13. d5 cxd5 14.
cxd5 O-O 15. Bd4 Bxd4 16. Qxd4 Qd7 17. Rfe1 b6 18. Re3 Rad8 19. Qh4 Rfe8 20. Rae1 f6 21. h3 g5 22. Qb4 e5 23. dxe6 Bxe6 24. Ne4 Kg7 25. Qc3 Qd4 26. Qxd4 Rxd4 27. Nxg5 fxg5 28. Rxe6 Rxe6 29. Rxe6 Rd2 30. Re7+ Kg6 31. Rxa7 Rxb2 32. f3 h5 33. h4 gxh4 34. Kh2 Kg5 35. a4 Kf4 36. a5 bxa5 37. Rxa5 Ke3 38. Rxh5 Rb4 39.
Kh3 Kf2 40. Rxh4 Rb1 41. Kh2 Rg1 42. Rg4 1-0

[Event "*** Titled Tuesday Blitz"]
[Site "Chess.com"]
[Date "2018.05.01"]
[Round "2"]
[White "Eliwood44"]
[Black "joejan"]
[Result "1-0"]
[WhiteElo "2152"]
[BlackElo "2150"]
[TimeControl "180+2"]
[EndTime "13:20:28 PDT"]
[Termination "Eliwood44 won by resignation"]

1. d4 Nf6 2. Nf3 e6 3. e3 b6 4. Bd3 Bb7 5. O-O d5 6. c4 Nbd7 7. Nc3 Be7 8. cxd5 exd5 9. Ne5 O-O 10. f4 c5 11. Qf3 Rc8 12. Qh3 g6 13. f5 Nxe5 14.
dxe5 Ne4 15. f6 Nxf6 16. exf6 Bxf6 17. Bd2 Bg7 18. Rae1 f5 19. Kh1 Re8 20. Bc1 Rc7 21. Bc2 Rce7 22. Bb3 c4 23. Ba4 Rf8 24. Rd1 a6 25. Ne2 b5 26. Bc2 Rfe8 27. Nf4 Rd7 28. Qg3 Qc7 29. Ne2 Be5 30. Qh3 Rd6 31. Nd4 Qg7 32. Bd2 f4 33. Bc3 fxe3 34. Qxe3 Rd7 35. Qh3 Rde7 36. a3 Rf7 37. Rxf7 Qxf7 38. Nf3 Bxc3 39.
bxc3 Re2 40. Nd4 Rf2 41. Rg1 Kg7 42. Qe3 Bc8 43. Qe5+ Kg8 44. Bd1 Rf1 45. Bf3 Rxg1+ 46. Kxg1 Bb7 47. h4 h6 48. h5 Kh7 49. Ne6 Bc8 50.
hxg6+ 1-0

[Event "*** Titled Tuesday Blitz"]
[Site "Chess.com"]
[Date "2018.05.01"]
[Round "2"]
[White "bugsbunny444"]
[Black "rasmussvane"]
[Result "0-1"]
[WhiteElo "2321"]
[BlackElo "2628"]
[TimeControl "180+2"]
[EndTime "13:20:37 PDT"]
[Termination "rasmussvane won by resignation"]

1. Nf3 d5 2. c4 c6 3. g3 Nf6 4.
Bg2 dxc4 5. Qc2 b5 6. b3 cxb3 7. axb3 Bb7 8. Ba3 Nbd7 9. O-O a6 10. d4 g6 11. Nbd2 Rc8 12. e4 Bg7 13. e5 Nd5 14. Ne4 Nc7 15. Bb4 O-O 16. Rfd1 Ne6 17. Rac1 a5 18.
Ba3 b4 19. Bb2 Qc7 20. Nfd2 c5 21. d5 Bxd5 22. f4 Qa7 23. Nc4 Nd4 24. Bxd4 cxd4 25. Qd3 Bxe4 26. Qxe4 d3+ 27. Kh1 Nc5 28. Qe3 Qa6 29.
Nd2 Qb5 30. Bd5 Rfd8 31. Bc4 Qb7+ 32. Qf3 Qxf3+ 33. Nxf3 a4 34. bxa4 Nxa4 35. Bb3 Rxc1 36. Rxc1 Nc3 37. Nd2 g5 38. Kg2 gxf4 39. gxf4 Bh6 40.
Kg3 Kf8 41. Rf1 Ne2+ 42. Kg4 Rd4 43. Rf3 Bxf4 0-1

[Event "*** Titled Tuesday Blitz"]
[Site "Chess.com"]
[Date "2018.05.01"]
[Round "2"]
[White "SmoothAsAHedgehog"]
[Black "tigra"]
[Result "0-1"]
[WhiteElo "2539"]
[BlackElo "2716"]
[TimeControl "180+2"]
[EndTime "13:20:38 PDT"]
[Termination "tigra won by resignation"]

1. d4 e5 2. dxe5 Nc6 3. Nf3 Qe7 4. Nc3 Nxe5 5. Nxe5 Qxe5 6. Qd5 Bd6 7. Qxe5+ Bxe5 8.
Bd2 Nf6 9. O-O-O d5 10. h3 O-O 11. g3 c6 12. Bg2 Re8 13. Rhe1 h5 14. Bg5 Bxc3 15.
bxc3 Ne4 16. Bxe4 Rxe4 17. h4 Ra4 18. Kb2 Be6 19. Rd4 Ra5 20. Rb4 b6 21. a3 c5 22.
Rf4 f6 23. Bxf6 gxf6 24. Rxf6 Re8 25. e4 Bf7 26. e5 Re6 27. f4 Ra4 28. Rf5 Re4 29.
Rg5+ Rg6 30. Rxe4 dxe4 31. Kc1 Rxg5 32. hxg5 Bg6 33. Kd2 Kf7 34. Ke3 Ke6 35. c4 Kf5 36. c3 Bf7 37. a4 a5 38. Kf2 Bxc4 39. Ke3 Bb3 40. Kd2 Bxa4 41. Ke3 Bb3 0-1

[Event "*** Titled Tuesday Blitz"]
[Site "Chess.com"]
[Date "2018.05.01"]
[Round "2"]
[White "Too_Stupid_To_Play"]
[Black "Chess_Lynx"]
[Result "0-1"]
[WhiteElo "2195"]
[BlackElo "2119"]
[TimeControl "180+2"]
[EndTime "13:20:41 PDT"]
[Termination "Chess_Lynx won by resignation"]

1. d4 e6 2. Nc3 f5 3. g3 Nf6 4. Bg2 Be7 5. Nh3 O-O 6. O-O d6 7. e4 fxe4 8. Nxe4 Qe8 9. Qe2 Nc6 10. c3 e5 11. dxe5 Nxe5 12. Nf4 Bg4 13. f3 Bd7 14.
Nxf6+ Bxf6 15. Nd5 Bd8 16. Bf4 Bb5 17. Qd2 Bxf1 18.
Rxf1 c6 19. Ne3 Bb6 20. Kh1 d5 21. Re1 Ng6 22. Nxd5 Qf7 23. Nxb6 axb6 24. Be3 Rxa2 25. f4 Re8 26. Rd1 Ne7 27. Bxb6 Nf5 28. Bf2 h6 29. g4 Ne7 30. Re1 Nd5 31. Rxe8+ Qxe8 32. Bxd5+ cxd5 33. Qxd5+ Qf7 34. Qd8+ Kh7 35. Qd3+ Qg6 36.
f5 Ra1+ 37. Bg1 Qc6+ 0-1

[Event "*** Titled Tuesday Blitz"]
[Site "Chess.com"]
[Date "2018.05.01"]
[Round "2"]
[White "imdarealist"]
[Black "Perecke"]
[Result "0-1"]
[WhiteElo "1976"]
[BlackElo "1959"]
[TimeControl "180+2"]
[EndTime "13:20:41 PDT"]
[Termination "Perecke won by resignation"]

1. d4 d5 2. c4 e6 3. Nc3 Nf6 4. Bg5 Be7 5. Bxf6 Bxf6 6. e4 dxe4 7. Qg4 Qxd4 8. Rd1 Qe5 9. Nxe4 O-O 10. Nf3 Qa5+ 11. Nfd2 Bxb2 12. Bd3 f5 13. Qh5 g6 14.
Qg5 Nd7 15. Ng3 Bf6 16. O-O Bxg5 17. f4 Bf6 18. Nf3 Qxa2 19. Rfe1 Nc5 20. Bb1 Qxc4 21. Ne5 Bxe5 22. Rxe5 Bd7 23. Nf1 Bc6 24. Ne3 Qa4 25. Bc2 Qb4 26. Rb1 Qxf4 27. Nc4 Qxc4 28. Rbe1 Qd4+ 29. Kh1 Qg4 30. R1e2 Ne4 31. Bb3 Nf2+ 32.
Rxf2 Rad8 33. h3 Qd4 34. Rfe2 Bd5 35. Bc2 Be4 36. Ra5 Bxc2 37. Ra2 Qd1+ 0-1

[Event "*** Titled Tuesday Blitz"]
[Site "Chess.com"]
[Date "2018.05.01"]
[Round "2"]
[White "AndrewDGreen"]
[Black "KRASAVCHIK2002"]
[Result "1-0"]
[WhiteElo "2159"]
[BlackElo "2034"]
[TimeControl "180+2"]
[EndTime "13:20:42 PDT"]
[Termination "AndrewDGreen won by resignation"]

1. d4 Nf6 2. Nf3 c5 3. d5 e6 4. Nc3 b5 5. Bg5 b4 6. Ne4 Bb7 7. c4 bxc3 8. Nxc3 exd5 9. e3 Be7 10. Be2 O-O 11. O-O d6 12. Bxf6 Bxf6 13. Nxd5 Nd7 14.
Qd2 Ne5 15. Nxe5 Bxe5 16. Rfd1 Bxd5 17. Qxd5 Bxb2 18. Rab1 Be5 19. Rb7 Rb8 20. Rxa7 Qb6 21. Rd7 Qb2 22. Bc4 Qc2 23. Rxf7 Rxf7 24. Qxf7+ Kh8 25.
Bb3 Qe2 26. Qf3 Qb2 27. g3 Rc8 28. Qf5 Rb8 29. h4 Qe2 30. Qe4 Rxb3 31. Qa8+ 1-0

[Event "*** Titled Tuesday Blitz"]
[Site "Chess.com"]
[Date "2018.05.01"]
[Round "2"]
[White "platy3"]
[Black "josmito10"]
[Result "1-0"]
[WhiteElo "2668"]
[BlackElo "2599"]
[TimeControl "180+2"]
[EndTime "13:20:43 PDT"]
[Termination "platy3 won by resignation"]

1. e4 c5 2. Nf3 d6 3. d4 cxd4 4.
Nxd4 Nf6 5. Nc3 a6 6. a4 g6 7. Be2 Bg7 8. Be3 O-O 9. O-O Nc6 10. Qd2 Ng4 11. Bxg4 Bxg4 12. Nd5 Ne5 13. b3 Rc8 14. a5 Nc6 15. c4 Be6 16. Rfe1 Re8 17. Ra2 Bxd5 18.
exd5 Nxd4 19. Bxd4 Bxd4 20. Qxd4 Qd7 21. Rae2 Qc7 22.
Qd2 Qd7 23. h3 Kg7 24. Qd4+ Kg8 25. Qh4 Rc7 26. Qg5 Qf5 27. Qe3 Qf6 28. Qb6 Rd7 29. g3 h5 30. h4 Kf8 31. Kg2 Kg7 32. Re4 Kg8 33. R1e3 Qg7 34. Rf3 Kf8 35. Ref4 f5 36. Re3 Kg8 37. Re6 Rf8 38. c5 1-0

[Event "*** Titled Tuesday Blitz"]
[Site "Chess.com"]
[Date "2018.05.01"]
[Round "2"]
[White "rubhani"]
[Black "GameOverBro"]
[Result "1-0"]
[WhiteElo "2426"]
[BlackElo "2430"]
[TimeControl "180+2"]
[EndTime "13:20:49 PDT"]
[Termination "rubhani won by resignation"]

1. e4 d6 2. d4 Nf6 3. Bd3 e5 4. c3 Nc6 5. Nf3 g6 6. h3 Bg7 7.
O-O O-O 8. Re1 h6 9. Na3 a6 10. Nc2 b5 11. a4 exd4 12. cxd4 bxa4 13. Bd2 Re8 14. Bc3 Bb7 15. d5 Nb8 16. Rxa4 Nbd7 17.
b4 Nb6 18. Ra3 Nfd7 19. Qa1 Bxc3 20. Qxc3 Ne5 21. Nxe5 Rxe5 22. Rea1 Qc8 23. Nd4 Rg5 24. Nf3 Rh5 25. Rc1 Qf8 26. Raa1 Rc8 27. Bxa6 Bxa6 28. Rxa6 Nd7 29. Rc6 Ne5 30. Nxe5 Rxe5 31. Rxc7 Rxc7 32. Qxc7 Rxe4 33. b5 Qe8 34. Qxd6 Qxb5 35. Rc8+ Kg7 36. Qf8+ Kf6 37. Rc6+ Kg5 38. Qd8+ Kh5 39. g4+ Rxg4+ 40. hxg4+ Kxg4 41. Qf6 Qb1+ 42. Kg2 Qd1 43. Rc4+ 1-0

[Event "*** Titled Tuesday Blitz"]
[Site "Chess.com"]
[Date "2018.05.01"]
[Round "2"]
[White "dukicz123"]
[Black "Margency"]
[Result "1-0"]
[WhiteElo "2328"]
[BlackElo "2533"]
[TimeControl "180+2"]
[EndTime "13:20:52 PDT"]
[Termination "dukicz123 won by resignation"]

1. e4 c5 2. Nf3 d6 3. d4 cxd4 4. Nxd4 Nf6 5. Nc3 a6 6. Bg5 e6 7. f4 Qb6 8. Qd2 Nc6 9. O-O-O Qxd4 10. Qxd4 Nxd4 11. Rxd4 Be7 12. e5 dxe5 13. fxe5 Nd7 14. Bf4 h5 15. h3 b6 16. Be2 Bb7 17. Rhd1 Rd8 18. Bf3 Bxf3 19. gxf3 Nc5 20. Rxd8+ Bxd8 21. b4 Nd7 22. Ne4 Bc7 23. Nd6+ Bxd6 24. Rxd6 Ke7 25.
Rc6 Rb8 26. c4 Kd8 27. Bg5+ f6 28. exf6 gxf6 29. Be3 e5 30. Kb2 Rb7 31. Kb3 Ke7 32.
a4 Kf7 33. Rd6 Kg6 34. Kc3 Kf5 35. a5 bxa5 36. bxa5 Nb8 37. Bb6 Rf7 38. c5 Rf8 39.
c6 Rc8 40. c7 e4 41. fxe4+ Kxe4 42. Rd8 1-0

[Event "*** Titled Tuesday Blitz"]
[Site "Chess.com"]
[Date "2018.05.01"]
[Round "2"]
[White "Sven_Tica"]
[Black "vovachesss"]
[Result "1-0"]
[WhiteElo "2631"]
[BlackElo "2382"]
[TimeControl "180+2"]
[EndTime "13:20:53 PDT"]
[Termination "Sven_Tica won by resignation"]

1. d4 Nf6 2. c4 e6 3. g3 Bb4+ 4. Bd2 Qe7 5. Nf3 O-O 6. Nc3 Nc6 7. Bg2 d5 8. a3 Bxc3 9. Bxc3 dxc4 10. O-O Rd8 11. Qa4 e5 12. Nxe5 Nxe5 13. dxe5 Nd5 14. Bxd5 Rxd5 15. Qxc4 Be6 16. Qb4 Qxb4 17. axb4 a6 18.
e4 Rd3 19. f4 Rad8 20. f5 Bc4 21. Rfe1 c6 22. Kf2 h5 23. Re3 Kf8 24. Rg1 Ke7 25. g4 h4 26. g5 g6 27. e6 Rxe3 28. Kxe3 Rd3+ 29. Kf4 fxe6 30. fxg6 Rh3 31. Rg2 Rd3 32. Ke5 Rf3 33. Rg4 Rh3 34. Rf4 Rd3 35. Bd4 Rxd4 36. Kxd4 Kd6 37. Kxc4 e5 38. Rf6+ 1-0

[Event "*** Titled Tuesday Blitz"]
[Site "Chess.com"]
[Date "2018.05.01"]
[Round "2"]
[White "AsaHoffmann"]
[Black "51616516516"]
[Result "0-1"]
[WhiteElo "1961"]
[BlackElo "2156"]
[TimeControl "180+2"]
[EndTime "13:21:01 PDT"]
[Termination "51616516516 won by resignation"]

1. d4 Nf6 2. Bg5 Ne4 3. Bf4 c5 4. f3 Qa5+ 5. c3 Nf6 6. d5 Qb6 7. e4 Qxb2 8. Nd2 Qxc3 9. Bc7 Qe3+ 10. Ne2 Qh6 11. Bf4 g5 12. Be3 b6 13. h4 Rg8 14.
d6 Na6 15. dxe7 Bxe7 16. Nc4 Nb4 17. Ng3 d5 18. hxg5 Qg6 19. Ne5 Qg7 20. Bb5+ Nd7 21. f4 Bxg5 22. Nxd7 Bxd7 23. Bxd7+ Kxd7 24. fxg5 Qc3+ 25. Kf2 d4 26. Qg4+ Kd8 27. Rad1 Qxe3+ 28. Kf1 Nd3 29. Qf3 Qxf3+ 30. gxf3 Nb2 31. Rb1 Nc4 32. Rxh7 Nd2+ 33. Kf2 Nxb1 34. Nf5 Rf8 35. Nd6 Ke7 36. Nf5+ Ke6 37.
f4 Nc3 38. Kf3 Rh8 39. Ng7+ Kd7 40. Rh6 Rxh6 41. gxh6 Rh8 42. Nf5 Nxa2 43. e5 Ke6 44. Ke4 Nc3+ 45. Kd3 Kxf5 46. Kc4 Rxh6 0-1

[Event "*** Titled Tuesday Blitz"]
[Site "Chess.com"]
[Date "2018.05.01"]
[Round "2"]
[White "GMSrinath"]
[Black "SipkeErnst"]
[Result "1-0"]
[WhiteElo "2754"]
[BlackElo "2502"]
[TimeControl "180+2"]
[EndTime "13:21:05 PDT"]
[Termination "GMSrinath won on time"]

1. e4 e5 2. Nf3 Nc6 3. Bc4 Bc5 4. c3 Nf6 5. d3 O-O 6. Bg5 h6 7. Bh4 Be7 8. a4 d6 9. Nbd2 Kh8 10. O-O Nh5 11.
g3 Bg4 12. Bxe7 Qxe7 13. Qc2 g5 14. Ne1 Be2 15. Ng2 Bxf1 16. Nxf1 Ng7 17. g4 Qd7 18. Nfe3 Ne7 19. h4 c6 20. f3 d5 21. Bb3 Ne6 22.
Nf5 Nxf5 23. gxf5 Nf4 24. hxg5 Rg8 25. Nxf4 Rxg5+ 26. Kf1 exf4 27. Qh2 h5 28. Qxf4 Rag8 29. Kf2 d4 30. Rg1 Qe7 31. Bxf7 R8g7 32. f6 Rxg1 33. Qh6+ Rh7 34. fxe7 1-0

[Event "*** Titled Tuesday Blitz"]
[Site "Chess.com"]
[Date "2018.05.01"]
[Round "2"]
[White "Sanan_Sjugirov"]
[Black "LikeWater"]
[Result "1-0"]
[WhiteElo "2796"]
[BlackElo "2508"]
[TimeControl "180+2"]
[EndTime "13:21:06 PDT"]
[Termination "Sanan_Sjugirov won by resignation"]

1. e4 d6 2. d4 Nf6 3. Nc3 e5 4. Nf3 Nbd7 5. Bc4 Be7 6. O-O O-O 7. a4 a5 8. Re1 c6 9. h3 Qc7 10. b3 exd4 11. Nxd4 Nc5 12. Qf3 Nfd7 13. Qg3 Ne5 14. Bf1 Ng6 15. Nf5 Bf6 16. Ba3 Be5 17. Qe3 b6 18. Rad1 Re8 19. g3 Bxf5 20. exf5 Ne7 21. g4 Rad8 22. f4 Bxc3 23. Qxc3 Nd5 24. Qd4 Rxe1 25.
Rxe1 Qc8 26. Bb2 f6 27. c4 Nb4 28. Re7 Rd7 29. Re2 Qd8 30. g5 fxg5 31. fxg5 Qxg5+ 32.
Rg2 Qh6 33. f6 Nbd3 34. Bxd3 Qxh3 35. Bf1 Ne6 36. Qe4 d5 37. cxd5 cxd5 38. Qe5 Qxb3 1-0

[Event "*** Titled Tuesday Blitz"]
[Site "Chess.com"]
[Date "2018.05.01"]
[Round "2"]
[White "Synctel"]
[Black "MikeSailer"]
[Result "1/2-1/2"]
[WhiteElo "1918"]
[BlackElo "1931"]
[TimeControl "180+2"]
[EndTime "13:21:07 PDT"]
[Termination "Game drawn by repetition"]

1. e4 d5 2. Nc3 dxe4 3. Nxe4 Nf6 4.
Nxf6+ exf6 5. d4 Bd6 6. Nf3 O-O 7. Be2 Re8 8. O-O Bg4 9. c3 c6 10. Be3 Nd7 11. Re1 Nf8 12. Qb3 Qc7 13. h3 Bh5 14.
Nd2 Bxe2 15. Rxe2 Ng6 16. Rae1 Re6 17. Nc4 Bh2+ 18. Kh1 Rae8 19. Qd1 b5 20. Nd2 Bf4 21. Bxf4 Qxf4 22. Rxe6 Rxe6 23. Rxe6 fxe6 24. Qe2 e5 25. dxe5 Nxe5 26. a3 h6 27. Ne4 Qc1+ 28. Kh2 Nc4 29. Qg4 Qxb2 30. Qe6+ Kh7 31. Qf5+ Kg8 32. Qe6+ Kh7 33.
Qf5+ Kg8 34. Qe6+ Kf8 35. Qc8+ Kf7 36. Qd7+ Kg6 37. Qe8+ Kh7 38. Nxf6+ gxf6 39. Qf7+ Kh8 40. Qf8+ Kh7 41. Qf7+ Kh8 42. Qf8+ Kh7 43. Qf7+ Kh8 44. Qf8+ Kh7 45. Qf7+ 1/2-1/2

[Event "*** Titled Tuesday Blitz"]
[Site "Chess.com"]
[Date "2018.05.01"]
[Round "2"]
[White "ABDELAZEEZ-M"]
[Black "Flawless2018"]
[Result "1/2-1/2"]
[WhiteElo "2270"]
[BlackElo "2463"]
[TimeControl "180+2"]
[EndTime "13:21:11 PDT"]
[Termination "Game drawn by stalemate"]

1. d4 Nf6 2. c4 e6 3. Nf3 b6 4.
Bg5 Be7 5. g3 Bb7 6. Bg2 O-O 7.
Qc2 d5 8. O-O Nbd7 9. Nc3 h6 10.
Bxf6 Nxf6 11. Ne5 Rb8 12. Rfd1 c6 13. Rac1 Nd7 14. e4 Nxe5 15. dxe5 d4 16. Ne2 c5 17. f4 g5 18. f5 f6 19. exf6 Bxf6 20.
fxe6 Qe7 21. e5 Bxe5 22. Bxb7 Rxb7 23. Qe4 Bg7 24. Rf1 Rbb8 25. g4 Rxf1+ 26. Rxf1 Rf8 27. Ng3 Rxf1+ 28. Kxf1 Bf8 29. Nf5 Qf6 30. e7 Bxe7 31. Qxe7 Qxe7 32. Nxe7+ Kf7 33. Nc8 Ke6 34.
Ke2 Ke5 35. Kd3 Kf4 36. Nxa7 Kxg4 37. Nc8 Kh3 38. Nxb6 Kxh2 39. a4 g4 40. Nd5 g3 41.
Nf4 h5 42. a5 h4 43. a6 h3 44.
a7 g2 45. a8=Q g1=Q 46. Qf3 Qg3 47. Qxg3+ Kxg3 48. Nxh3 Kxh3 49. b4 cxb4 50. Kxd4 Kg4 51. c5 Kf5 52. Kc4 Ke6 53. Kxb4 Kd7 54. Kb5 Kc7 55. c6 Kc8 56. Kb6 Kb8 57. c7+ Kc8 58.
Kc6 1/2-1/2

[Event "*** Titled Tuesday Blitz"]
[Site "Chess.com"]
[Date "2018.05.01"]
[Round "2"]
[White "guillembaches"]
[Black "Rock700chess"]
[Result "1-0"]
[WhiteElo "2247"]
[BlackElo "2368"]
[TimeControl "180+2"]
[EndTime "13:21:12 PDT"]
[Termination "guillembaches won by resignation"]

1. d4 Nf6 2. Bf4 e6 3. Nd2 c5 4. e3 b6 5. Ngf3 Bb7 6. c3 Be7 7. Bd3 d6 8. h3 Nbd7 9. O-O O-O 10. a4 a6 11. Bh2 Rc8 12. Re1 cxd4 13. exd4 Rc7 14. Qe2 Qa8 15. Qf1 Rd8 16. Ng5 Nf8 17. Nc4 Qa7 18. a5 b5 19. Nb6 Nd5 20. Nxd5 Bxd5 21.
Ne4 Qb7 22. Re3 Ng6 23. f4 Nh4 24.
Qf2 Nf5 25. Re2 Bc6 26. Nd2 Nh4 27. Be4 Bxe4 28. Nxe4 b4 29. Rc1 bxc3 30. Nxc3 Ng6 31. f5 exf5 32. Qxf5 Bf8 33. Rf1 Rdc8 34. Nd5 Rc1 35.
Rf2 Rxf1+ 36. Rxf1 Re8 37. h4 h6 38. h5 Nh8 39. Bf4 Qa7 40. Be3 Qb7 41. Rf3 Qa7 42.
Kh2 Qb7 43. Rg3 Qa7 44. Bxh6 Qb7 45. Bxg7 Bxg7 46. Nf6+ Kf8 47. Nh7+ Kg8 48. h6 1-0

[Event "*** Titled Tuesday Blitz"]
[Site "Chess.com"]
[Date "2018.05.01"]
[Round "2"]
[White "Justmig"]
[Black "AnishGiri"]
[Result "0-1"]
[WhiteElo "2513"]
[BlackElo "2840"]
[TimeControl "180+2"]
[EndTime "13:21:15 PDT"]
[Termination "AnishGiri won by resignation"]

1. e4 e5 2. Nf3 Nc6 3. Bc4 Bc5 4.
d3 Nf6 5. Nbd2 d6 6. O-O O-O 7. c3 a5 8. h3 h6 9. Re1 Be6 10. b3 Ba7 11. Qc2 Nh5 12. Nf1 Qf6 13. N1h2 Nf4 14.
Bxf4 Qxf4 15. Qd2 Qxd2 16. Nxd2 Bxc4 17. bxc4 a4 18. Rab1 Bb6 19. Ng4 f5 20. exf5 Rxf5 21. Ne4 Ra5 22. Ne3 Bxe3 23. fxe3 b6 24. Rf1 Rxf1+ 25.
Kxf1 Kf7 26. Ke2 Ke6 27. g4 Ne7 28. Kd2 Ra8 29. Rf1 Rb8 30. Ng3 b5 31. cxb5 Rxb5 32. Kc2 Nd5 33. Rf3 g6 34. Ne4 a3 35. c4 Rb2+ 36. Kd1 Nb4 37. Rf6+ Kd7 38. Rxg6 Rxa2 39. Rg7+ Kc6 40. Nc3 Rh2 41. Rh7 Rxh3 42. g5 Rxe3 43. gxh6 Rxd3+ 44. Ke2 Rxc3 0-1

[Event "*** Titled Tuesday Blitz"]
[Site "Chess.com"]
[Date "2018.05.01"]
[Round "2"]
[White "arna"]
[Black "BlackBoarder"]
[Result "1/2-1/2"]
[WhiteElo "2116"]
[BlackElo "2225"]
[TimeControl "180+2"]
[EndTime "13:21:16 PDT"]
[Termination "Game drawn by agreement"]

1. e4 e6 2. d4 d5 3. exd5 exd5 4. Bd3 c5 5. Qf3 c4 6. Be2 Nf6 7. Bg5 Be7 8. Nc3 O-O 9. O-O-O Be6 10. h3 Nc6 11. Qg3 Kh8 12. Bxf6 Bxf6 13. Nf3 b5 14. Ne5 Qb6 15. Nxc6 Qxc6 16. Bf3 b4 17. Ne2 b3 18.
axb3 cxb3 19. Nc3 bxc2 20. Rd2 Rfc8 21. Qf4 h6 22. h4 Rab8 23. Rxc2 Qb6 24. Rd1 Qb3 25.
Rdd2 Rb4 26. g3 Rbc4 27. Bg4 Bxg4 28. Qxg4 Qb4 29. Qf5 Rd8 30. Nxd5 Rxc2+ 31. Kxc2 Qc4+ 32. Nc3 Rxd4 33. Rxd4 Bxd4 34. f3 Bxc3 35. bxc3 g6 1/2-1/2

[Event "*** Titled Tuesday Blitz"]
[Site "Chess.com"]
[Date "2018.05.01"]
[Round "2"]
[White "Alzhur"]
[Black "NormWeinstein"]
[Result "1/2-1/2"]
[WhiteElo "2487"]
[BlackElo "2292"]
[TimeControl "180+2"]
[EndTime "13:21:16 PDT"]
[Termination "Game drawn by stalemate"]

1. e4 c5 2. c3 d6 3. d4 Nf6 4. f3 cxd4 5. cxd4 e5 6. dxe5 dxe5 7.
Qxd8+ Kxd8 8. Bc4 Be6 9. Bxe6 fxe6 10. Nc3 Bc5 11. Bg5 Nc6 12. Nge2 Ke7 13. Bh4 Rhd8 14.
Bf2 Bxf2+ 15. Kxf2 Rd2 16. Rab1 Rad8 17. Rhd1 Nb4 18. a3 Nc2 19. Rxd2 Rxd2 20. Rd1 Rxd1 21.
Nxd1 Nd4 22. Ne3 Nd7 23. Nc4 Nc6 24. Nc3 Nc5 25. Ke3 Nb3 26. Nd2 Nxd2 27. Kxd2 Nd4 28. Kd3 Kd6 29. Ne2 Nxe2 30. Kxe2 Kc5 31. Kd3 a5 32. Kc3 a4 33. b3 b5 34. b4+ Kc6 35. Kd3 Kd6 36. Ke3 Ke7 37. f4 Kf6 38. g3 g5 39. fxg5+ Kxg5 40. Kf3 Kh5 41. h3 Kg5 42. h4+ Kh5 43. Kg2 Kg4 44. Kf2 Kh3 45.
Kf3 h5 46. Kf2 Kh2 47. Kf3 Kh3 48. Kf2 Kg4 49. Kg2 1/2-1/2